 Dungeon Crawl Stone Soup version 0.29-a0-322-g68df515428 (webtiles) character file.

Game seed: 17988852272446486230

64 101zpm the Covered (level 4, -1/29 HPs)
             Began as a Gargoyle Fighter on Apr 8, 2022.
             Slain by a gnoll
             ... wielding a +0 whip
              (4 damage)
             ... on level 3 of the Dungeon.
             The game lasted 00:01:56 (1316 turns).

101zpm the Covered (Gargoyle Fighter)               Turns: 1316, Time: 00:01:57

Health: -1/29      AC: 11    Str: 21    XL:     4   Next: 12%
Magic:  4/4        EV:  9    Int:  9    God:
Gold:   89         SH:  4    Dex:  9    Spells: 3/3 levels left

rFire   . . .      SeeInvis .   a - +0 flail
rCold   . . .      Faith    .   c - +0 buckler
rNeg    + . .      Spirit   .   b - +0 scale mail
rPois   ∞          Reflect  .   (no helmet)
rElec   +          Harm     .   (no cloak)
rCorr   .          Rampage  .   (no gloves)
Will    .....                   h - +0 pair of boots
Stlth   ..........              (no amulet)
HPRegen 0.09/turn               (no ring)
MPRegen 0.09/turn               (no ring)

@: mighty
A: sickness immunity, AC +3, negative energy resistance 1, electricity
resistance, torment resistance 1, petrification resistance
a: no special abilities


You were on level 3 of the Dungeon.
You visited 1 branch of the dungeon, and saw 3 of its levels.

You collected 89 gold pieces.

Inventory:

Hand Weapons
 a - a +0 flail (weapon)
Armour
 b - a +0 scale mail (worn)
 c - a +0 buckler (worn)
 h - a +0 pair of boots (worn)
Jewellery
 g - a +6 ring of strength
Scrolls
 f - a scroll of holy word {unknown}
Potions
 d - a potion of might
 e - a potion of lignification {unknown}


   Skills:
 + Level 3.8 Fighting
 + Level 2.5 Maces & Flails
 + Level 4.3 Armour
 + Level 0.2 Dodging
 + Level 3.5 Shields


You had 3 spell levels left.
You didn't know any spells.
Your spell library was empty.

Dungeon Overview and Level Annotations

Branches:
Dungeon (3/15)

Altars:


Innate Abilities, Weirdness & Mutations

You are immune to sickness and miasma.
Your stone body is resilient. (AC +3)
You are immune to poison.
You resist negative energy. (rN+)
You are resistant to electric shocks. (rElec)
You are resistant to unholy torment.
You are immune to petrification.


Message History

You kill the adder!
You block the adder's attack. The adder barely misses you.
A goblin comes into view. It is wielding a +0 club.
The goblin shouts!
You see here an adder corpse.
The adder attacks as you move away! The adder bites you but does no damage.
The goblin barely misses you. The adder bites you but does no damage.
You block the adder's attack.
You feel very mighty all of a sudden. The adder bites you but does no damage.
You closely miss the adder.
The adder is lightly wounded.
The adder barely misses you. The adder closely misses you.
You closely miss the adder.
The adder is lightly wounded.
The adder closely misses you. The adder bites you but does no damage.
You closely miss the adder.
The adder is lightly wounded.
The adder barely misses you. The adder bites you but does no damage.
You sock the adder!
You kill the adder!
You have reached level 4!
You feel clever.
You bludgeon the goblin!!
You kill the goblin!
The gnoll barely misses you.
You barely miss the gnoll.
The gnoll is moderately wounded.
The gnoll hits you with a +0 whip.
* * * LOW HITPOINT WARNING * * *
You hit the gnoll.
The gnoll is moderately wounded.
The gnoll barely misses you.
You barely miss the gnoll.
The gnoll is moderately wounded.
The gnoll barely misses you.
You barely miss the gnoll.
The gnoll is moderately wounded.
The gnoll hits you with a +0 whip.
You die...

## .. .. ... ##.
.... .. ....##.
##....$######
......rgg@..#
....#..r###..# .
###†# ## #r# #
####r###.## .
#.........# ...
#.........#
.....#...........
.................


You could see a gnoll, a goblin and 2 rats.

Vanquished Creatures
  3 adders
  A worm (D:2)
  3 endoplasms (D:1)
  6 goblins
  A hobgoblin (D:2)
  3 quokkas
  6 ball pythons (D:1)
  4 bats (D:1)
  A frilled lizard (D:2)
  3 kobolds (D:1)
  2 rats (D:1)
33 creatures vanquished.

Notes
Turn   | Place    | Note
-------+----------+-------------------------------------------
     0 | D:1      | 101zpm the Gargoyle Fighter began the quest for the Orb.
     0 | D:1      | Reached XP level 1. HP: 14/14 MP: 1/1
   136 | D:1      | Reached XP level 2. HP: 19/19 MP: 2/2
   605 | D:1      | Found a faded altar of an unknown god.
   663 | D:1      | Reached XP level 3. HP: 20/23 MP: 3/3
  1139 | D:2      | Reached skill level 4 in Armour
  1312 | D:3      | Reached XP level 4. HP: 7/29 MP: 4/4
  1316 | D:3      | Slain by a gnoll

Illustrated notes

Levels and vault maps discovered:
D:1:      minmay_arrival_stone_box, layout_rooms,
          hellmonk_ecumenical_altar_crossroads
D:2:      layout_basic, basic_altar, minmay_pentomino_q4
D:3:      layout_rooms, okawaru_altar_gauntlet_db, ebering_ghost_reflecting_pool

Skill      XL: |  1  2  3 |
---------------+----------+-----
Armour         | 4 |  4.3
Fighting       | |  3.8
Maces & Flails | |  2.5
Dodging        | |  0.2
Shields        | |  3.5

Action                   |  1- 3 |  4- 6 || total
-------------------------+-------+-------++-------
Melee: Flail             |   119 |     5 ||   124
  Use: Potion            |     1 |       ||     1
Armor: Scale mail        |    72 |       ||    72
Dodge: Dodged            |    79 |     3 ||    82
Block: Buckler           |    39 |       ||    39

Table legend: (Time is in decaauts)
 A = Elapsed time spent in this place.
 B = Non-inter-level travel time spent in this place.
 C = Inter-level travel time spent in this place.
 D = Time resting spent in this place.
 E = Time spent auto-exploring this place.
 F = Levels seen in this place.
 G = Mean time per level.
                   A        B        C        D        E       F      G
               +--------+--------+--------+--------+--------+-----+--------+
         Total |   1356 |   1320 |     36 |      0 |   1035 |   3 |  452.0 |
       Dungeon |   1356 |   1320 |     36 |      0 |   1035 |   3 |  452.0 |
               +--------+--------+--------+--------+--------+-----+--------+

Top non-repeatable levels by time:
     D:1: 1014 daAuts
     D:2: 305 daAuts
     D:3: 36 daAuts
